 Dungeon Crawl Stone Soup version 0.31-a0-819-gf6de2f5ab6 (webtiles) character file.

Game seed: 13316739361574516668

39 Bravepunisher the Ducker (level 3, 0/30 HPs)
             Began as a Spriggan Monk on Sept 23, 2023.
             Was a Believer of Makhleb.
             Slain by Sigmund
             ... wielding a +0 scythe
              (2 damage)
             ... on level 3 of the Dungeon.
             The game lasted 00:03:46 (659 turns).

Bravepunisher the Ducker (Spriggan Monk)             Turns: 659, Time: 00:03:51

Health: 0/30       AC: 21    Str:  7    XL:     3   Next: 26%
Magic:  4/4        EV:  4    Int: 11    God:    Makhleb [**....]
Gold:   93         SH:  0    Dex: 19    Spells: 2/2 levels left

rFire   . . .        a - +0 short sword
rCold   . . .        (no shield)
rNeg    . . .        b - melded +0 robe
rPois   +            (helmet currently unavailable)
rElec   .            (cloak currently unavailable)
rCorr   .            (gloves unavailable)
SInv    +            (boots unavailable)
Will    .....        (no amulet)
Stlth   ++           (no ring)
HPRegen 0.25/turn    (no ring)
MPRegen 0.09/turn

%: no passive effects
@: tree-form (expiring)
A: stationary, stasis, torment immunity, boosted hp, very small, no large
weapons, unfitting armour, see invisible, (speed 3)
a: Renounce Religion, Minor Destruction


You were on level 3 of the Dungeon.
You worshipped Makhleb.
Makhleb was pleased with you.
You were a tree.
You visited 2 branches of the dungeon, and saw 6 of its levels.

You collected 93 gold pieces.

Inventory:

Hand Weapons
 a - a +0 short sword (weapon)
Armour
 b - a +0 robe (melded)
Wands
 d - a wand of flame (14)


   Skills:
 + Level 3.2 Fighting
 - Level 3.2 Short Blades
 + Level 4.7 Dodging
 * Level 0.0 Invocations


You had 2 spell levels left.
You didn't know any spells.
Your spell library contained the following spells:

 Spells                   Type           Power      Damage    Failure   Level
 Sting                    Tmut/Pois      0%         1d3       34%         1
 Poisonous Vapours        Pois/Air       0%         N/A       47%         2
 Olgreb's Toxic Radiance  Pois           0%         N/A       98%         4


Dungeon Overview and Level Annotations

Branches:
Dungeon (5/15)             Temple (1/1) D:4

Altars:
Ashenzari
Cheibriados
Fedhas
Gozag
Kikubaaqudgha
Makhleb
Nemelex Xobeh
Okawaru
Qazlal
Ru
Trog
Uskayaw
Vehumet
Wu Jian
Xom
Yredelemnul
Zin
The Shining One

Shops:
D:1 :

Annotations:
D:3 Grinder, Sigmund


Innate Abilities, Weirdness & Mutations

You are a tree.
Your roots penetrate the ground, keeping you stationary.
You cannot be teleported.
You are immune to unholy pain and torment.
Your maximum health is greatly increased.
Your equipment is partially melded.
You are very small and have problems with some larger weapons.
You are too small for most types of armour.
You have supernaturally acute eyesight. (SInv)
((You cover ground extremely quickly. (Speed+++)))


Message History

The puff of flame hits you!
You see here 10 gold pieces.
Sigmund zaps a wand.
You turn into a tree.
Your +0 robe melds into your body.
Your roots penetrate the ground.
There is an escape hatch in the ceiling here.
You cannot move.
You cannot move.
You cannot move.
You aren't carrying any potions.
Okay, then.
Okay, then.
Sigmund hits you from afar with a +0 scythe!
You cannot move.
Sigmund casts a spell at you.
The puff of flame hits you but does no damage.
Sigmund hits you but does no damage.
Sigmund laughs darkly.
Sigmund hits you from afar with a +0 scythe.
* * * LOW HITPOINT WARNING * * *
Okay, then.
As you read the scroll labelled NEIDDU PAPET, it crumbles to dust.
You hear a loud clanging noise!
It was a scroll of noise.
Sigmund hits you from afar with a +0 scythe.
* * * LOW HITPOINT WARNING * * *
You cannot move.
You cannot move.
Sigmund hits you but does no damage.
Your transformation is almost over.
Sigmund hits you but does no damage.
You cannot move.
You aren't carrying any potions.
You aren't carrying any scrolls.
Aiming: Minor Destruction (24% risk of failure)
Press: ? - help, Shift-Dir - straight line, f - Sigmund
Aim: Sigmund, wielding a +0 scythe, wearing a +0 robe and carrying a wand of polymorph The puff of flame misses Sigmund.
Sigmund hits you from afar with a +0 scythe.
You die...
Sigmund begins carving another notch in his scythe.

#.##.# #.# #.##.# #.#
.# #.##.# #.# .###
#.##>####.# ...#
.#####.........##...###
)......###.####$......#
######.# #.####.......#
### #...^....@...#
#####..♣...### #.####.#
#. ## #. #. ## ..


You could see Sigmund.

Vanquished Creatures
  3 adders (D:4)
  A ball python (D:4)
  An endoplasm (D:4)
  2 goblins (D:4)
  A hobgoblin (D:4)
  2 frilled lizards
  4 kobolds
14 creatures vanquished.

Notes
Turn   | Place    | Note
-------+----------+-------------------------------------------
     0 | D:1      | Bravepunisher the Spriggan Monk began the quest for the
                  | Orb.
     0 | D:1      | Reached XP level 1. HP: 11/11 MP: 2/2
    43 | D:1      | Found Ygip Wem's Book Shop.
    60 | D:1      | You fall into a shaft and drop 1 floor!
    84 | D:3      | Noticed Grinder
   190 | D:4      | Reached XP level 2. HP: 9/16 MP: 3/3
   394 | D:4      | Reached XP level 3. HP: 14/20 MP: 4/4
   456 | D:5      | Entered Level 5 of the Dungeon
   536 | D:4      | Found a staircase to the Ecumenical Temple.
   545 | Temple   | Entered the Ecumenical Temple
   565 | Temple   | Became a worshipper of Makhleb the Destroyer
   565 | Temple   | Reached * piety under Makhleb
   565 | Temple   | Reached ** piety under Makhleb
   642 | D:3      | Noticed Sigmund
   659 | D:3      | Slain by Sigmund

Illustrated notes

Levels and vault maps discovered:
D:1:      matt_arrival_diagonals, layout_basic, serial_shops,
          nicolae_diamond_shop, patterned_corridor
D:2:      layout_basic, minmay_gold_behind_fungi
D:3:      layout_loops_ring, serial_co_window_serial,
          co_window_of_opportunity_a, co_window_corner_a, co_window_corner_a,
          co_window_paths_a, co_window_cross_1, co_window_2corner,
          co_window_2corner, co_window_broadway_b, glass_columns_c,
          glass_columns_a, minmay_misc_feat_diagonals, uniq_sigmund,
          uniq_grinder, uniq_robin
D:4:      layout_basic, minmay_temple_entry_offerings, dk_noncrumbling_2,
          nicolae_half_adder, uniq_blork_the_orc
D:5:      nicolae_cairo_tiling_large, layout_gridville, eino_tiny_chamber,
          eino_small_chamber_without_monster, uniq_crazy_yiuf_cottage
Temple:   regret_index_temple_chain_breaker

Skill      XL: |  1  2 |
---------------+-------+-----
Fighting       | 3 |  3.2
Short Blades   | |  3.2
Dodging        | |  4.7

Action                     || total
---------------------------++-------
  Melee: Short sword       ||    78
 Invoke: Minor Destruction ||     1
    Use: Potion            ||     3
         Scroll            ||     1
   Stab: Sleeping          ||     1
 Armour: Robe              ||    14
         Skin              ||     8
  Dodge: Dodged            ||    60

Table legend: (Time is in decaauts)
 A = Elapsed time spent in this place.
 B = Non-inter-level travel time spent in this place.
 C = Inter-level travel time spent in this place.
 D = Time resting spent in this place.
 E = Time spent auto-exploring this place.
 F = Levels seen in this place.
 G = Mean time per level.
                   A        B        C        D        E       F      G
               +--------+--------+--------+--------+--------+-----+--------+
         Total |    460 |    430 |     30 |     44 |    163 |   6 |   76.7 |
       Dungeon |    434 |    427 |      7 |     44 |    163 |   5 |   86.8 |
        Temple |     25 |      3 |     22 |      0 |      0 |   1 |   25.0 |
               +--------+--------+--------+--------+--------+-----+--------+

Top non-repeatable levels by time:
     D:4: 283 daAuts
     D:3: 91 daAuts
     D:1: 42 daAuts
  Temple: 25 daAuts
     D:5: 14 daAuts
     D:2: 2 daAuts
